 Dungeon Crawl Stone Soup version 0.29.1-13-g9f3cf754e1 (webtiles) character file.

Game seed: 675913012515757302

14 mopl the Sneak (level 2, -1/13 HPs)
             Began as a Vine Stalker Enchanter on Jan 19, 2023.
             Slain by a kobold
             ... wielding a +0 short sword
              (2 damage)
             ... on level 1 of the Dungeon.
             The game lasted 00:00:52 (555 turns).

mopl the Sneak (Vine Stalker Enchanter)              Turns: 555, Time: 00:00:53

Health: -1/13      AC:  2    Str: 10    XL:     2   Next: 41%
Magic:  0/6        EV: 12    Int: 15    God:
Gold:   9          SH:  0    Dex: 14    Spells: 4/6 levels left

rFire   . . .      SeeInvis .   a - +1 dagger
rCold   . . .      Faith    .   (no shield)
rNeg    . . .      Spirit   +   b - +0 robe
rPois   .          Reflect  .   (no helmet)
rElec   .          Harm     .   (no cloak)
rCorr   .          Rampage  .   (no gloves)
Will    .....                   (no boots)
Stlth   +++.......              (no amulet)
HPRegen 0.04/turn               (no ring)
MPRegen 0.10/turn               (no ring)

@: no status effects
A: fangs 2, magic shield, antimagic bite, no potion heal 2
a: no special abilities


You were on level 1 of the Dungeon.
You visited 1 branch of the dungeon, and saw 1 of its levels.

You collected 9 gold pieces.

Inventory:

Hand Weapons
 a - a +1 dagger (weapon)
Armour
 b - a +0 robe (worn)
Potions
 c - 2 potions of invisibility
 d - a potion of lignification {unknown}


   Skills:
 - Level 0.8 Short Blades
 - Level 1.5 Dodging
 + Level 4.0 Stealth
 + Level 2.5 Spellcasting
 + Level 3.2 Hexes
 + Level 0.1 Ice Magic


You had 4 spell levels left.
You knew the following spells:

 Your Spells              Type           Power      Damage    Failure   Level
b - Ensorcelled Hibernat  Hex/Ice        14%        N/A       16%         2

Your spell library contained the following spells:

 Spells                   Type           Power      Damage    Failure   Level
 Confusing Touch          Hex            11%        N/A       17%         3
 Tukima's Dance           Hex            11%        N/A       17%         3
 Dazzling Flash           Conj/Hex       12%        N/A       32%         3


Dungeon Overview and Level Annotations

Branches:
Dungeon (1/15)

Altars:


Innate Abilities, Weirdness & Mutations

You have extremely sharp teeth.
When hurt, damage is shared between your health and your magic reserves.
Your bite disrupts and absorbs the magic of your enemies.
Potions cannot restore your health.


Message History

You hit the endoplasm. You bite the endoplasm. You drain its power.
You feel invigorated.
The endoplasm is severely wounded.
The bat closely misses you. The bat hits you but does no damage.
The bat hits you. The endoplasm freezes you.
You are frozen.
* * * LOW HITPOINT WARNING * * *
You hit the endoplasm.
You kill the endoplasm!
The bat hits you but does no damage. The bat barely misses you.
The bat hits you. The bat hits you but does no damage.
The bat completely misses you.
You hit the bat. Your bite misses the bat.
The bat is severely wounded.
The bat hits you but does no damage.
You hit the bat but do no damage. Your bite misses the bat.
The bat is severely wounded.
The bat hits you.
* * * LOW HITPOINT WARNING * * *
The bat barely misses you.
You barely miss the bat. Your punch misses the bat.
The bat is severely wounded.
The bat hits you but does no damage. The bat barely misses you.
You barely miss the bat. Your bite misses the bat.
The bat is severely wounded.
The bat hits you but does no damage. x2
You hit the bat.
You kill the bat!
The bat misses you.
You closely miss the bat. Your bite misses the bat. The bat closely misses you.
The bat hits you but does no damage.
You closely miss the bat. The bat closely misses you.
You hit the kobold but do no damage. The kobold barely misses you.
You barely miss the kobold. You bite the kobold, but do no damage.
The kobold hits you with a +0 short sword.
You hit the kobold. Your bite misses the kobold.
The kobold is moderately wounded.
The kobold hits you with a +0 short sword.
You die...

## .###. ..!.####
### . ##(....##
#@#
..#.......#####K#
...........#...b#
#..>.........####
#..........##
#.........##
#.........#
###.......##
...........#


You could see a bat and a kobold.

Vanquished Creatures
  A dart slug (D:1)
  3 ball pythons (D:1)
  A bat (D:1)
  2 endoplasms (D:1)
  2 hobgoblins (D:1)
  A frilled lizard (D:1)
10 creatures vanquished.

Notes
Turn   | Place    | Note
-------+----------+-------------------------------------------
     0 | D:1      | mopl the Vine Stalker Enchanter began the quest for the
                  | Orb.
     0 | D:1      | Reached XP level 1. HP: 9/9 MP: 4/4
   251 | D:1      | Reached XP level 2. HP: 3/13 MP: 1/6
   490 | D:1      | Learned a level 2 spell: Ensorcelled Hibernation
   530 | D:1      | Reached skill level 4 in Stealth
   555 | D:1      | Slain by a kobold

Illustrated notes

Levels and vault maps discovered:
D:1:      tarquinn_simple_flora_water_f, layout_rooms,
          shapermc_ecumenical_altar_notcrosses

Skill      XL: |  1  2 |
---------------+-------+-----
Stealth        | 4 |  4.0
Short Blades   | |  0.8
Dodging        | |  1.5
Spellcasting   | |  2.5
Hexes          | |  3.2
Ice Magic      | |  0.1

Action                   || total
-------------------------++-------
Melee: Dagger            ||    42
       Bite              ||     9
 Stab: Sleeping          ||     1
Armor: Robe              ||    20
Dodge: Dodged            ||    42
